 Dungeon Crawl Stone Soup version 0.28.0-43-g3370ac3207 (webtiles) character file.

Game seed: 17645021157853881682

235 tizbic2 the Shield-Bearer (level 6, -5/53 HPs)
             Began as a Gnoll Fighter on Mar 12, 2022.
             Was an Initiate of the Shining One.
             Killed by divine providence
             ... invoked by an orc priest
              (13 damage)
             ... on level 3 of the Dungeon.
             The game lasted 00:08:52 (2013 turns).

tizbic2 the Shield-Bearer (Gnoll Fighter)           Turns: 2013, Time: 00:08:52

Health: -5/53      AC:  9    Str: 24    XL:     6   Next: 6%
Magic:  8/8        EV: 10    Int:  7    God:    the Shining One [......]
Gold:   112        SH:  5    Dex: 11    Spells: 8/8 levels left

rFire   . . .      SeeInvis .   r - +0 mace
rCold   . . .      Faith    .   c - +0 buckler
rNeg    . . .      Spirit   .   b - +0 scale mail
rPois   .          Reflect  .   (no helmet)
rElec   .          Harm     .   (no cloak)
rCorr   .          Rampage  .   (no gloves)
Will    .....                   f - +0 pair of boots
Stlth   ..........              (no amulet)
HPRegen 0.17/turn               l - +6 ring of strength
MPRegen 0.11/turn               (no ring)

@: mighty, glowing
A: fangs 1, strong nose, distributed training
a: Renounce Religion


You were on level 3 of the Dungeon.
You worshipped the Shining One.
The Shining One was noncommittal.
You visited 1 branch of the dungeon, and saw 3 of its levels.

You collected 112 gold pieces.

Inventory:

Hand Weapons
 a - a +0 flail
 r - a +0 mace (weapon)
 s - a +0 trident
Missiles
 h - 24 sling bullets
 j - 42 stones (quivered)
 m - 16 arrows
 n - 18 bolts
 t - 2 boomerangs
Armour
 b - a +0 scale mail (worn)
 c - a +0 buckler (worn)
 f - a +0 pair of boots (worn)
Jewellery
 l - a +6 ring of strength (left hand)
Scrolls
 e - 2 scrolls of teleportation {unknown}
 g - a scroll of immolation {unknown}
 p - a scroll of magic mapping {unknown}
 q - a scroll of fear {unknown}
Potions
 d - a potion of might
 i - a potion of degeneration {unknown}
 k - a potion of lignification {unknown}
 o - a potion of curing {unknown}


   Skills:
 + Level 6.8 Fighting
 + Level 1.8 Short Blades
 + Level 1.8 Long Blades
 + Level 1.8 Axes
 + Level 4.9 Maces & Flails
 + Level 1.8 Polearms
 + Level 1.8 Staves
 + Level 1.8 Slings
 + Level 1.8 Bows
 + Level 1.8 Crossbows
 + Level 1.8 Throwing
 + Level 6.8 Armour
 + Level 1.8 Dodging
 + Level 1.8 Stealth
 + Level 6.8 Shields
 + Level 1.8 Unarmed Combat
 + Level 1.8 Spellcasting
 + Level 1.4 Conjurations
 + Level 1.4 Hexes
 + Level 1.4 Summonings
 + Level 1.4 Necromancy
 + Level 1.4 Translocations
 + Level 1.4 Transmutations
 + Level 1.4 Fire Magic
 + Level 1.4 Ice Magic
 + Level 1.4 Air Magic
 + Level 1.4 Earth Magic
 + Level 1.4 Poison Magic
 + Level 2.0 Invocations
 + Level 1.8 Evocations


You had 8 spell levels left.
You didn't know any spells.
Your spell library contained the following spells:

 Spells                   Type           Power      Damage    Failure   Level
 Gell's Gravitas          Tloc           2%         N/A       88%         3
 Lesser Beckoning         Tloc           2%         N/A       88%         3
 Teleport Other           Tloc           2%         N/A       88%         3


Dungeon Overview and Level Annotations

Branches:
Dungeon (3/15)

Altars:
The Shining One


Innate Abilities, Weirdness & Mutations

You have very sharp teeth.
Your uncanny sense of smell can sniff out nearby items.
Your experience applies equally to all skills.


Message History

The orc priest closely misses you.
You hit the dart slug but do no damage.
The dart slug is heavily wounded.
The orc priest barely misses you. The dart slug launches a dart at you.
The slug dart hits you.
You hit the dart slug.
The dart slug is almost dead.
The orc priest misses you.
You hit the dart slug but do no damage.
The dart slug is almost dead.
You block the dart slug's attack.
The orc priest hits you from afar with a +0 trident.
You hit the dart slug.
You kill the dart slug!
The orc priest mumbles some strange prayers to Beogh against you.
Beogh smites you! The orc priest misses you.
Things that are here:
a +2 mace of protection; a dart slug corpse; an orc corpse You hit the orc priest.
The orc priest is lightly wounded.
An orc comes into view. It is wielding a +0 whip.
The orc priest hits you but does no damage.
The orc priest calls down the wrath of Beogh upon you.
Pain shoots through your body!
The orc shouts!
You hit the orc priest. Your bite misses the orc priest.
The orc priest is heavily wounded.
An orc comes into view.
It is wielding a +1 dagger of electrocution.
The orc priest mumbles some strange prayers to Beogh against you.
Beogh smites you!
* * * LOW HITPOINT WARNING * * *
You feel very mighty all of a sudden. You block the orc priest's attack.
You completely miss the orc priest.
The orc priest is heavily wounded.
The orc priest calls down the wrath of Beogh upon you.
Beogh smites you!
You die...

#..###.####.######
#...##.# #.......
#.#.##.# ########
#.#.##.#
#.#.##'######
#.#.........#
#.#.........#
#.#.........#
#@#.........#
.......o#.........#
........#.........#
.....o.(#.........#
.......(#.........#
.....o..#.........#
.....$..####+######
.........


You could see an orc priest and 2 orcs.

Vanquished Creatures
  An ogre (D:3)
  Terence (D:3)
  An orc wizard (D:3)
  An adder (D:2)
  2 worms (D:2)
  3 dart slugs
  5 orcs (D:3)
  A bat (D:1)
  9 endoplasms
  5 giant cockroaches
  13 goblins
  3 hobgoblins
  12 jackals
  3 quokkas
  A ball python (D:2)
  2 frilled lizards (D:2)
  2 kobolds (D:1)
  2 rats
67 creatures vanquished.

Notes
Turn   | Place    | Note
-------+----------+-------------------------------------------
     0 | D:1      | tizbic2 the Gnoll Fighter began the quest for the Orb.
     0 | D:1      | Reached XP level 1. HP: 23/23 MP: 1/1
    67 | D:1      | Reached XP level 2. HP: 25/29 MP: 2/2
   219 | D:1      | Reached XP level 3. HP: 24/35 MP: 3/3
   599 | D:2      | Found a glowing golden altar of the Shining One.
   607 | D:2      | Became a worshipper of the Shining One
   629 | D:2      | Reached skill level 1 in Invocations
   707 | D:2      | Reached skill level 1 in Short Blades
   707 | D:2      | Reached skill level 1 in Long Blades
   707 | D:2      | Reached skill level 1 in Axes
   707 | D:2      | Reached skill level 1 in Polearms
   707 | D:2      | Reached skill level 1 in Staves
   707 | D:2      | Reached skill level 1 in Slings
   707 | D:2      | Reached skill level 1 in Bows
   707 | D:2      | Reached skill level 1 in Crossbows
   707 | D:2      | Reached skill level 1 in Throwing
   707 | D:2      | Reached skill level 1 in Dodging
   707 | D:2      | Reached skill level 1 in Stealth
   707 | D:2      | Reached skill level 1 in Unarmed Combat
   707 | D:2      | Reached skill level 1 in Spellcasting
   707 | D:2      | Reached skill level 1 in Evocations
   781 | D:2      | Reached XP level 4. HP: 26/41 MP: 5/5
  1356 | D:3      | Noticed Terence
  1370 | D:3      | Killed Terence
  1371 | D:3      | Reached skill level 1 in Conjurations
  1371 | D:3      | Reached skill level 1 in Hexes
  1371 | D:3      | Reached skill level 1 in Summonings
  1371 | D:3      | Reached skill level 1 in Necromancy
  1371 | D:3      | Reached skill level 1 in Translocations
  1371 | D:3      | Reached skill level 1 in Transmutations
  1371 | D:3      | Reached skill level 1 in Fire Magic
  1371 | D:3      | Reached skill level 1 in Ice Magic
  1371 | D:3      | Reached skill level 1 in Air Magic
  1371 | D:3      | Reached skill level 1 in Earth Magic
  1371 | D:3      | Reached skill level 1 in Poison Magic
  1514 | D:3      | Reached XP level 5. HP: 46/47 MP: 5/7
  1560 | D:3      | Noticed an ogre
  1584 | D:3      | Killed an ogre
  1585 | D:3      | Reached XP level 6. HP: 27/53 MP: 8/8
  2013 | D:3      | Killed from afar by an orc priest

Illustrated notes

Levels and vault maps discovered:
D:1:      minmay_arrival_wavy_path, layout_rooms, nrook_loot_triangle
D:2:      layout_loops_ring, basic_altar, kennysheep_decorative_pillar,
          grunt_ministairs_9
D:3:      layout_basic, nzn_hepliaklqana_mist_gate,
          ebering_ecumenical_altar_box, minmay_ogre_servants, uniq_terence

Skill      XL: |  1  2  3  4  5  6 |
---------------+-------------------+-----
Invocations    | 1 2 |  2.0
Short Blades   | 1 |  1.8
Long Blades    | 1 |  1.8
Axes           | 1 |  1.8
Polearms       | 1 |  1.8
Staves         | 1 |  1.8
Slings         | 1 |  1.8
Bows           | 1 |  1.8
Crossbows      | 1 |  1.8
Throwing       | 1 |  1.8
Dodging        | 1 |  1.8
Stealth        | 1 |  1.8
Unarmed Combat | 1 |  1.8
Spellcasting   | 1 |  1.8
Evocations     | 1 |  1.8
Conjurations   | 1 |  1.4
Hexes          | 1 |  1.4
Summonings     | 1 |  1.4
Necromancy     | 1 |  1.4
Translocations | 1 |  1.4
Transmutations | 1 |  1.4
Fire Magic     | 1 |  1.4
Ice Magic      | 1 |  1.4
Air Magic      | 1 |  1.4
Earth Magic    | 1 |  1.4
Poison Magic   | 1 |  1.4
Fighting       | |  6.8
Maces & Flails | |  4.9
Armour         | |  6.8
Shields        | |  6.8

Action                   |  1- 3 |  4- 6 || total
-------------------------+-------+-------++-------
Melee: Flail             |   114 |    36 ||   150
       Bite              |    13 |    11 ||    24
       Mace              |       |    57 ||    57
Throw: Stone             |     4 |     4 ||     8
  Use: Potion            |       |     1 ||     1
Armor: Scale mail        |    55 |    29 ||    84
Dodge: Dodged            |    44 |    36 ||    80
Block: Buckler           |    21 |    23 ||    44
